 Dungeon Crawl Stone Soup version 0.16.2-2-g470672f (webtiles) character file.

11701 dearth the Basher (level 11, 100/100 HPs)
             Began as a Minotaur Fighter on Aug 23, 2015.
             Was a High Priest of Okawaru.
             Drowned
             ... in an ice cave.
             The game lasted 00:45:31 (11753 turns).

dearth the Basher (Minotaur Fighter)               Turns: 11753, Time: 00:45:31

Health: 100/100    AC: 22    Str: 23    XL:     11   Next: 52%
Magic:  13/13      EV:  9    Int:  5    God:    Okawaru [*****.]
Gold:   1385       SH: 12    Dex: 13    Spells: 0 memorised, 10 levels left

rFire  . . .     SeeInvis .     F - +2 flail (protect)
rCold  . . .     Clarity  +     r - +1 scale mail {rPois}
rNeg   + . .     SustAb   .     c - +0 shield
rPois  +         Gourm    .     P - +2 hat
rElec  .         Spirit   +     b - +2 cloak {+Inv}
rCorr  .         Warding  .     m - +1 pair of gloves
rMut   .         Stasis   .     (no boots)
MR     +....                    h - amulet of guardian spirit
Stlth  ..........               U - ring of Tutsiha {+Fly rN+}
                                W - ring of protection from magic

@: studying 2 skills, somewhat resistant to hostile enchantments, extremely
unstealthy
A: retaliatory headbutt, horns 2, agile 1, berserk 1, clarity
a: Heroism, Finesse, Renounce Religion, Evoke Invisibility, Evoke Flight


You were in an ice cave.
You worshipped Okawaru.
Okawaru was extremely pleased with you.
You were not hungry.

You visited 2 branches of the dungeon, and saw 13 of its levels.
You also visited: Sewer, Bailey and Ice Cave.

You collected 1385 gold pieces.

Inventory:

Hand weapons
 a - a +2 mace of protection
 F - a +2 flail of protection (weapon)
Armour
 b - a +2 cloak of invisibility (worn)
 c - a +0 shield (worn)
 m - a +1 pair of gloves (worn)
 r - a +1 scale mail of poison resistance (worn)
 J - a +2 scale mail of fire resistance
 P - a +2 hat (worn)
Jewellery
 h - an amulet of guardian spirit (around neck)
 i - an uncursed amulet of warding
 G - an uncursed amulet of the gourmand
 U - the ring of Tutsiha (right hand) {+Fly rN+}
   (You found it in an ice cave)

   [ring of flight]

   It protects you from negative energy.
   It lets you fly.
 V - an uncursed ring of poison resistance
 W - a ring of protection from magic (left hand)
Magical devices
 j - a wand of frost (36)
 n - a wand of disintegration (11)
 q - a wand of polymorph (12)
 w - a wand of random effects (19)
 A - a wand of disintegration (8)
 B - a wand of flame (0)
 K - a wand of teleportation (4)
 O - a wand of digging (8)
 R - a wand of digging (16)
Scrolls
 f - 2 scrolls of teleportation
 k - 6 scrolls of remove curse
 o - a scroll of blinking
 y - 2 scrolls of fog
 D - a scroll of magic mapping
 H - 4 scrolls of fear
 I - a scroll of amnesia
 L - a scroll of immolation {unknown}
 S - 2 scrolls of identify
Potions
 e - a potion of might
 p - a potion of haste
 v - 2 potions of heal wounds
 x - 2 potions of restore abilities
 C - a potion of agility
 E - a potion of curing
 Q - a potion of invisibility
 T - a potion of brilliance
Books
 M - a manual of Shields
 N - a manual of Armour
Comestibles
 d - 6 bread rations
 t - 6 beef jerkies
 u - 2 meat rations
 z - 6 slices of pizza


   Skills:
 + Level 10.2 Fighting
 * Level 13.4 Maces & Flails
 + Level 10.8 Armour
 + Level 10.7 Shields
 + Level 4.8 Invocations


You had 10 spell levels left.
You didn't know any spells.

Dungeon Overview and Level Annotations

Branches:
Dungeon (13/15)            Temple (1/1) D:4            Lair (0/8) D:10
    Orc: D:9-12      Vaults: D:13-14

Altars:
Ashenzari
Cheibriados
Dithmenos
Elyvilon
Fedhas
Gozag
Makhleb
Okawaru
Ru
Sif Muna
Vehumet
Xom
Yredelemnul
Zin
The Shining One

Shops:
D:4 *   D:9 (   D:10 =

Annotations:
IceCv exclusion: 2 ice statues


Innate Abilities, Weirdness & Mutations

You reflexively headbutt those who attack you in melee.
You have a pair of horns on your head.
You are agile. (Dex +2)
You tend to lose your temper in combat.
You possess an exceptional clarity of mind.


Message History

You now have 1262 gold pieces (gained 12).
You now have 1281 gold pieces (gained 19).
You now have 1305 gold pieces (gained 24).
You now have 1327 gold pieces (gained 22).
Found 30 gold pieces.
You now have 1341 gold pieces (gained 14).
You now have 1355 gold pieces (gained 14).
You now have 1385 gold pieces (gained 30).
Why would you want to do that?
Evoke which item? (* to show all) (? for menu, Esc to quit)
Okay, then.
Use which ability? (? or * to list)
You feel very buoyant.
You fly up into the air.
You feel somewhat more hungry.
Careful!
You are starting to lose your buoyancy.
Use which ability? (? or * to list)
Okay, then.
You float gracefully downwards.
You fall into the water!
You sink like a stone!
You drown...
You die...

## ###.# ##..# ##..##
##..### #..##.####
##....##≈## #######
###..#≈≈≈#
###≈≈≈≈≈########.#≈≈###
##≈≈≈≈≈≈≈≈≈##≈≈≈@≈≈≈≈≈≈#
#≈≈≈≈≈≈≈≈≈≈≈≈≈≈≈≈≈≈≈≈≈##
##≈≈≈≈≈≈≈≈≈≈≈≈≈≈≈≈≈≈≈##
.######≈##########≈#.#
..###.####.....=.##..#
#.#....#............##
#...##.##............#
#####..###..........##
#...##.###......###


There were no monsters in sight!

Vanquished Creatures
  2 ice dragons (IceCv)
  The ghost of poirepourri the Skirmisher, an experienced HOBe of Trog (D:6)
  2 hill giants
  An orc knight (Bailey)
  A cyclops (D:9)
  The ghost of HEYYEYAAE the Digger, an experienced OpEE (D:4)
  2 deep elf fighters (D:6)
  A human (D:7)
  2 hogs (D:7)
  2 water moccasins
  14 orc warriors
  21 ice beasts
  4 sky beasts
  Purgy (Sewer)
  4 ogres
  A black bear (D:4)
  A necrophage (D:7)
  3 centaurs
  2 phantoms
  2 big kobolds
  Blork the orc (D:5)
  9 giant frogs
  2 elf skeletons (D:8)
  3 gnoll sergeants
  A water moccasin skeleton (D:10)
  2 scorpions
  6 killer bees
  4 crimson imps
  A goliath beetle (D:6)
  2 giant frog zombies
  A centaur zombie (D:8)
  6 hounds
  2 giant frog skeletons
  3 jellies
  A centaur skeleton (D:10)
  7 orc priests
  5 iguanas
  2 human skeletons (D:8)
  8 worker ants
  6 orc wizards
  2 sheep (D:7)
  An ogre zombie (D:7)
  A big kobold zombie (D:7)
  A hound zombie (D:7)
  A necrophage skeleton (D:7)
  2 mummies
  19 adders
  10 gnolls
  12 white imps (D:12)
  2 shadow imps
  2 giant mites
  3 worms
  2 adder zombies
  7 giant geckos
  2 oozes
  41 orcs
  18 bats
  A bat zombie (D:6)
  8 giant cockroaches
  11 goblins
  13 hobgoblins
  3 quokkas
  5 ball pythons
  A giant gecko skeleton (D:5)
  5 giant newts
  3 jackals (D:3)
  24 kobolds
  4 kobold zombies (D:7)
  An orc skeleton (D:8)
  An orc zombie (D:8)
  A quokka skeleton (D:4)
  17 rats
  A spectral orc (D:7)
  A ballistomycete (D:6)
366 creatures vanquished.

Vanquished Creatures (others)
  A giant spore (D:6)
1 creature vanquished.

Grand Total: 367 creatures vanquished

Notes
Turn   | Place    | Note
--------------------------------------------------------------
     0 | D:1      | dearth, the Minotaur Fighter, began the quest for the Orb.
     0 | D:1      | Reached XP level 1. HP: 19/19 MP: 1/1
   308 | D:1      | Reached XP level 2. HP: 27/27 MP: 1/1
   756 | D:2      | Reached skill level 4 in Fighting
   805 | D:2      | Reached XP level 3. HP: 28/33 MP: 2/2
  1640 | D:3      | Reached XP level 4. HP: 25/40 MP: 2/2
  1991 | D:3      | Reached XP level 5. HP: 41/47 MP: 1/2
  2097 | D:3      | You fall through a shaft for 2 floors!
  2097 | D:5      | Entered Level 5 of the Dungeon
  2144 | D:5      | Reached skill level 5 in Maces & Flails
  2177 | D:5      | Reached skill level 5 in Fighting
  2177 | D:5      | Reached XP level 6. HP: 39/56 MP: 3/3
  2224 | D:5      | Noticed Blork the orc
  2233 | D:5      | Killed Blork the orc
  2233 | D:5      | Reached skill level 5 in Armour
  2466 | D:5      | Reached skill level 6 in Maces & Flails
  2466 | D:5      | Reached skill level 5 in Shields
  2501 | D:5      | Reached XP level 7. HP: 30/61 MP: 2/3
  2790 | D:5      | Found a radiant altar of Vehumet.
  2795 | D:5      | Found a burning altar of Makhleb.
  3144 | D:3      | Found a sacrificial altar of Ru.
  3352 | D:3      | Noticed an ogre
  3371 | D:3      | Killed an ogre
  3692 | D:4      | Reached skill level 7 in Maces & Flails
  3937 | D:4      | Found Shop's General Store.
  4021 | D:4      | Found a staircase to the Ecumenical Temple.
  4030 | Temple   | Entered the Ecumenical Temple
  4048 | Temple   | Became a worshipper of Warmaster Okawaru
  4065 | D:4      | Noticed HEYYEYAAE's ghost (experienced OpEE)
  4078 | D:4      | Killed HEYYEYAAE's ghost
  4078 | D:4      | Reached XP level 8. HP: 19/71 MP: 1/3
  4092 | D:4      | Gained mutation: You are agile. (Dex +2) [potion of mutation]
  4092 | D:4      | Gained mutation: You possess an exceptional clarity of mind. [potion of mutation]
  4092 | D:4      | Gained mutation: You tend to lose your temper in combat. [potion of mutation]
  4447 | D:4      | Reached skill level 8 in Maces & Flails
  4682 | D:4      | Acquired Okawaru's first power
  5060 | D:5      | Found a glowing silver altar of Zin.
  5060 | D:5      | Found a blossoming altar of Fedhas.
  5060 | D:5      | Noticed an ice beast
  5075 | D:5      | Killed an ice beast
  5158 | D:5      | Reached skill level 9 in Maces & Flails
  5356 | D:6      | Reached XP level 9. HP: 33/79 MP: 1/4
  5429 | D:6      | Noticed poirepourri's ghost (experienced HOBe)
  5587 | D:6      | Killed poirepourri's ghost
  5587 | D:6      | Reached skill level 10 in Maces & Flails
  5818 | D:6      | Found a glowing drain.
  5857 | Sewer    | Entered a sewer
  5967 | Sewer    | Noticed Purgy
  5974 | Sewer    | Killed Purgy
  6203 | D:6      | Found a glowing golden altar of the Shining One.
  6365 | D:7      | Reached skill level 11 in Maces & Flails
  6382 | D:7      | Reached skill level 1 in Invocations
  6470 | D:7      | Noticed a hill giant
  6483 | D:7      | Killed a hill giant
  6483 | D:7      | Reached XP level 10. HP: 90/90 MP: 5/6
  6575 | D:7      | Found a basalt altar of Yredelemnul.
  7152 | D:8      | Found a flagged portal.
  7173 | Bailey   | Entered a bailey
  7624 | Bailey   | Reached skill level 12 in Maces & Flails
  7670 | Bailey   | Noticed an orc knight
  7687 | Bailey   | Killed an orc knight
  8953 | D:9      | Found a white marble altar of Elyvilon.
  8976 | D:9      | Found an opulent altar of Gozag.
  9010 | D:9      | Noticed a cyclops
  9018 | D:9      | Killed a cyclops
  9018 | D:9      | Acquired Okawaru's second power
  9026 | D:9      | Identified a scroll of acquirement
  9356 | D:9      | Reached XP level 11. HP: 97/97 MP: 10/11
  9537 | D:9      | Found a snail-covered altar of Cheibriados.
  9554 | D:9      | Found a shadowy altar of Dithmenos.
  9597 | D:9      | Found Moseh's Weapon Emporium.
  9613 | D:9      | Found a shattered altar of Ashenzari.
  9646 | D:9      | Found a burning altar of Makhleb.
  9862 | D:10     | Entered Level 10 of the Dungeon
  9873 | D:10     | Found a staircase to the Lair.
  9976 | D:10     | Found Twein's Jewellery Shop.
 10181 | D:10     | Noticed a hill giant
 10193 | D:10     | Killed a hill giant
 10209 | D:10     | Noticed a hill giant
 10216 | D:10     | Reached skill level 10 in Armour
 10704 | D:10     | You fall through a shaft for 3 floors!
 10821 | D:12     | Found a frozen archway.
 10843 | D:12     | Reached skill level 10 in Shields
 10921 | IceCv    | Entered an ice cave
 11023 | IceCv    | Reached skill level 13 in Maces & Flails
 11071 | IceCv    | Reached skill level 10 in Fighting
 11173 | IceCv    | Noticed an ice statue
 11173 | IceCv    | Noticed an ice statue
 11496 | IceCv    | Noticed an ice dragon
 11496 | IceCv    | Noticed an ice dragon
 11507 | IceCv    | Killed an ice dragon
 11507 | IceCv    | Received a gift from Okawaru
 11514 | IceCv    | Killed an ice dragon
 11580 | IceCv    | Got a scintillating pewter ring
 11597 | IceCv    | Identified the ring of Tutsiha {+Fly rN+} (You found it in an ice cave)
 11753 | IceCv    | Drowned

Action                   |  1- 3 |  4- 6 |  7- 9 | 10-12 || total
-------------------------+-------+-------+-------+-------++-------
Melee: Flail             |    62 |   115 |   397 |   532 ||  1106
Invok: Heroism           |       |       |     2 |     4 ||     6
 Abil: Evoke Flight      |       |       |       |     1 ||     1
Evoke: Wand              |       |       |       |     1 ||     1
  Use: Potion            |       |       |     8 |     9 ||    17
       Scroll            |       |       |       |    19 ||    19
  Eat: Bread ration      |     1 |       |     1 |       ||     2
       Fruit             |       |     2 |     3 |       ||     5
       Chunk             |       |       |     4 |     2 ||     6
       Meat ration       |       |       |     1 |     1 ||     2
       Royal jelly       |       |       |     1 |       ||     1
       Pizza             |       |       |       |     4 ||     4
